 Dungeon Crawl Stone Soup version 0.19.1 (webtiles) character file.

982 Malachi the Chopper (level 8, -1/65 (67) HPs)
             Began as a Ghoul Gladiator on Nov 30, 2016.
             Slain by a sky beast (6 damage)
             ... on level 5 of the Dungeon.
             The game lasted 00:07:08 (4815 turns).

Malachi the Chopper (Ghoul Gladiator)               Turns: 4815, Time: 00:07:09

HP:   -1/65 (67)    AC: 11    Str: 21    XL:     8   Next: 17%
MP:   7/7           EV:  6    Int:  3    God:
Gold: 251           SH:  7    Dex:  9    Spells: 0 memorised, 7 levels left

rFire  . . .     SeeInvis .     a - +0 war axe
rCold  + . .     Gourm    .     s - +0 chain mail
rNeg   + + +     Faith    .     o - +0 shield (curse)
rPois  ∞         Spirit   .     c - +1 helmet
rElec  .         Reflect  .     (no cloak)
rCorr  .         Harm     .     (no gloves)
MR     .....                    (no boots)
Stlth  ..........               (no amulet)
                                (no ring)
                                (no ring)

@: rotting
A: rotting body, claws 1, carnivore 3, cold resistance 1, negative energy
resistance 3, slow regeneration 1, torment resistance, unbreathing
a: no special abilities


You were on level 5 of the Dungeon.
You were not hungry.

You visited 1 branch of the dungeon, and saw 5 of its levels.
You also visited: Sewer.

You collected 251 gold pieces.

Inventory:

Hand Weapons
 a - a +0 war axe (weapon)
Armour
 c - a +1 helmet (worn)
 o - a cursed +0 shield (worn)
 s - a +0 chain mail (worn)
Wands
 g - a wand of slowing (34/48)
Scrolls
 e - a scroll of remove curse
 l - 7 scrolls of identify
 m - a scroll of teleportation
 q - a scroll of enchant weapon {unknown}
Potions
 b - a potion of magic
 h - 4 potions of curing
 k - 2 potions of agility
 p - a potion of might
 t - a potion of flight
Comestibles
 f - 3 meat rations
 i - 3 slices of pizza
 j - 2 beef jerkies
 n - a royal jelly


   Skills:
 + Level 4.4 Fighting
 + Level 6.6 Axes
 + Level 1.9 Throwing
 + Level 3.5 Armour
 + Level 3.7 Dodging
 + Level 0.2 Stealth
 + Level 0.1 Shields


You had 7 spell levels left.
You didn't know any spells.

Dungeon Overview and Level Annotations

Branches:
Dungeon (5/15)
 Temple: D:4-7

Altars:


Innate Abilities, Weirdness & Mutations

Your body is rotting away.
You thrive on raw meat.
You are immune to poison.
You have sharp fingernails.
You are carnivorous and can eat meat at any time.
Your flesh is cold resistant. (rC+)
You are immune to negative energy. (rN+++)
You regenerate slowly when monsters are visible.
You are immune to unholy pain and torment.
You can survive without breathing.


Message History

The sky beast shocks you.
* * * LOW HITPOINT WARNING * * *
The sky beast hits you but does no damage.
You miss the sky beast.
The sky beast is almost dead.
The sky beast hits you but does no damage.
Throwing (i - inventory):
d - a throwing net (quivered)
Press: ? - help, Shift-Dir - straight line, f/p - sky beast
Aim: a sky beast (almost dead)
You throw a throwing net.
The throwing net closely misses the sky beast.
The sky beast flickers out of sight!
Deactivating autopickup; reactivate with Ctrl-A.
Something hits you but does no damage.
You hit something. Something hits you but does no damage.
Your shield prevents you from hitting something.
Something hits you.
* * * LOW HITPOINT WARNING * * *
Something shocks you.
You die...

### ... #### # ..# ..#
#.#.# ##.#
.#.########..######
.................. #.#
######.#...... #.#
####..##..... #@#
#....#######.
#{####.####### #. #
#.##.........## #. .#.
#.#....#####..###[
...####....### ##..##.
........#.## ##..#.
........#.# ##(#.
.#.##..(..###########...
.................%...#..


There were no monsters in sight!

Vanquished Creatures
  The ghost of Millan the Shield-Bearer, an amateur FoFi of Qazlal (D:4)
  A water moccasin (D:3)
  An ice beast (D:5)
  Blork the orc (D:4)
  A crimson imp (D:5)
  2 hounds (D:5)
  An orc priest (D:3)
  Jessica (D:2)
  An iguana (D:4)
  2 worker ants
  8 adders
  5 gnolls
  A shadow imp (D:5)
  7 oozes
  An adder zombie (D:5)
  6 worms
  7 leopard geckos
  10 orcs
  13 bats
  5 goblins
  6 hobgoblins
  15 jackals
  3 kobolds
  A quokka (D:4)
  8 frilled lizards
  2 leopard gecko skeletons
  8 rats
118 creatures vanquished.

Notes
Turn   | Place    | Note
-------+----------+-------------------------------------------
     0 | D:1      | Malachi the Ghoul Gladiator began the quest for the Orb.
     0 | D:1      | Reached XP level 1. HP: 17/17 MP: 0/0
   230 | D:1      | Reached XP level 2. HP: 25/25 MP: 1/1
   355 | D:1      | Reached skill level 3 in Axes
   355 | D:1      | Reached XP level 3. HP: 29/30 MP: 2/2
   677 | D:2      | Noticed Jessica
   692 | D:2      | Killed Jessica
   692 | D:2      | Reached XP level 4. HP: 37/37 MP: 3/3
  1397 | D:3      | Reached skill level 1 in Armour
  1462 | D:3      | Found a faded altar of an unknown god.
  1479 | D:3      | Found a glowing drain.
  1490 | Sewer    | Entered a sewer
  1500 | Sewer    | Reached XP level 5. HP: 27/45 MP: 4/4
  1909 | Sewer    | Reached skill level 4 in Axes
  2364 | D:3      | Noticed a water moccasin
  2381 | D:3      | Killed a water moccasin
  2381 | D:3      | Reached XP level 6. HP: 23/51 MP: 5/5
  3223 | D:3      | Reached skill level 5 in Axes
  3510 | D:4      | Noticed Millan's ghost (amateur FoFi)
  3522 | D:4      | Killed Millan's ghost
  3522 | D:4      | Reached XP level 7. HP: 20/59 MP: 6/6
  3584 | D:4      | Noticed Blork the orc
  3596 | D:4      | Killed Blork the orc
  3596 | D:4      | Reached skill level 6 in Axes
  4055 | D:5      | Entered Level 5 of the Dungeon
  4393 | D:5      | Reached XP level 8. HP: 55/65 MP: 7/7
  4815 | D:5      | Slain by a sky beast

Skill      XL: |  1  2  3  4  5  6  7 |
---------------+----------------------+-----
Axes           | 3 4 5 6 |  6.6
Dodging        | 3 |  3.7
Fighting       | 3 4 |  4.4
Armour         | 1 2 3 |  3.5
Throwing       | |  1.9
Stealth        | |  0.2
Shields        | |  0.1

Action                   |  1- 3 |  4- 6 |  7- 9 || total
-------------------------+-------+-------+-------++-------
Melee: War axe           |    63 |   318 |   130 ||   511
Throw: Throwing net      |       |     2 |     2 ||     4
Evoke: Wand              |       |       |     1 ||     1
  Use: Scroll            |       |     7 |     1 ||     8
       Potion            |       |     7 |       ||     7
 Stab: Held in net/web   |       |     1 |       ||     1
  Eat: Chunk             |     6 |    13 |     7 ||    26
Armor: Leather armour    |    29 |    16 |       ||    45
       Chain mail        |       |   246 |    62 ||   308
Dodge: Dodged            |    46 |   212 |    38 ||   296
Block: Shield            |       |       |    34 ||    34
